 Dungeon Crawl Stone Soup version 0.27-a0-931-g5a74e75d8f (webtiles) character file.

Game seed: 3544189168156067747

14 Alarkh the Insei (level 2, 0/23 HPs)
             Began as a Demonspawn Gladiator on Apr 10, 2021.
             Slain by a quokka (4 damage)
             ... on level 1 of the Dungeon.
             The game lasted 00:00:21 (398 turns).

Alarkh the Insei (Demonspawn Gladiator)              Turns: 398, Time: 00:00:22

Health: 0/23       AC:  3    Str: 14    XL:     2   Next: 31%
Magic:  2/2        EV: 12    Int:  9    God:
Gold:   11         SH:  0    Dex: 14    Spells: 1/1 levels left

rFire    . . .     SeeInvis .     - Unarmed
rCold    . . .     Faith    .   (no shield)
rNeg     . . .     Spirit   .   a - +0 leather armour
rPois    .         Reflect  .   (helmet restricted)
rElec    .         Harm     .   (no cloak)
rCorr    .         Rampage  .   (no gloves)
Will     .....                  (no boots)
Stlth    +.........             (no amulet)
HPRegen  0.07/turn              (no ring)
MPRegen  0.08/turn              (no ring)

@: no status effects
A: horns 1
a: no special abilities


You were on level 1 of the Dungeon.
You visited 1 branch of the dungeon, and saw 1 of its levels.

You collected 11 gold pieces.

Inventory:

Missiles
 c - 3 throwing nets (quivered)
Armour
 a - a +0 leather armour (worn)
 b - a +0 helmet
Scrolls
 d - a scroll of identify {unknown}


   Skills:
 + Level 2.3 Fighting
 - Level 1.7 Throwing
 - Level 2.6 Dodging
 * Level 3.2 Unarmed Combat


You had one spell level left.
You didn't know any spells.
Your spell library was empty.

Dungeon Overview and Level Annotations

Branches:
Dungeon (1/15)

Altars:


Innate Abilities, Weirdness & Mutations

You have a pair of small horns on your head.


Message History

You hit the goblin.
You kill the goblin!
The goblin hits you but does no damage. The quokka bites you.
You are too injured to fight recklessly!
You are too injured to fight recklessly!
You are too injured to fight recklessly!
Unknown command.
You are too injured to fight recklessly!
You are too injured to fight recklessly!
You are too injured to fight recklessly!
You are too injured to fight recklessly!
Unknown command.
A bat comes into view.
The bat hits you but does no damage. The bat hits you but does no damage.
The bat closely misses you. The quokka bites you.
* * * LOW HITPOINT WARNING * * *
The bat hits you but does no damage.
A bat comes into view.
The bat barely misses you. The bat hits you but does no damage.
The bat barely misses you. The bat barely misses you.
The bat hits you but does no damage.
You aren't carrying any potions.
You hit the bat.
You kill the bat!
You closely miss the quokka. The quokka completely misses you.
You hit the quokka but do no damage. The quokka bites you.
* * * LOW HITPOINT WARNING * * *
You hit the quokka.
The quokka is lightly wounded.
The quokka closely misses you. x2
You barely miss the quokka. You headbutt the quokka.
The quokka is almost dead.
The quokka barely misses you. The goblin hits you but does no damage.
You closely miss the quokka.
You headbutt the quokka, but do no damage.
The quokka is almost dead.
The quokka misses you. The quokka bites you.
You die...

######## #############..#...#
#.......##.......#
#..........##..### #######
#.........b†...## ##.....#
..........####hg# #..###.##
#..#†........##r###.## #..# #
#.##......#..@.#.#####.# #.
#......#....#...# #.#### # ..
#......#........###....# #
#.###....b.####...........## #
#. #...)...###......#####.# #
.. #.......##.......####.>## #
#.)...........##..........# #
....##.........###.#.######.##
# ..... .......#... #.#.#
#..###


You could see a quokka, a jackal and a goblin.

Vanquished Creatures
  A dart slug (D:1)
  A bat (D:1)
  3 endoplasms (D:1)
  2 goblins (D:1)
  3 ball pythons (D:1)
  A frilled lizard (D:1)
  A rat (D:1)
12 creatures vanquished.

Notes
Turn   | Place    | Note
-------+----------+-------------------------------------------
     0 | D:1      | Alarkh the Demonspawn Gladiator began the quest for the
                  | Orb.
     0 | D:1      | Reached XP level 1. HP: 16/16 MP: 1/1
   174 | D:1      | Reached skill level 3 in Unarmed Combat
   366 | D:1      | Gained mutation: You have a pair of small horns on your
                  | head. [demonic ancestry]
   366 | D:1      | Reached XP level 2. HP: 18/22 MP: 2/2
   398 | D:1      | Slain by a quokka

Illustrated notes

Levels and vault maps discovered:
D:1:      lightli_arrival_isolated_outpost, layout_rooms, chequers_mini_garden

Skill      XL: |  1 |
---------------+----+-----
Unarmed Combat | 3 |  3.2
Fighting       | |  2.3
Throwing       | |  1.7
Dodging        | |  2.6

Action                   || total
-------------------------++-------
Melee: Unarmed           ||    36
       Punch             ||     1
       Headbutt          ||     5
 Stab: Sleeping          ||     1
Armor: Leather armour    ||    14
Dodge: Dodged            ||    29

Table legend: (Time is in decaauts)
 A = Elapsed time spent in this place.
 B = Non-inter-level travel time spent in this place.
 C = Inter-level travel time spent in this place.
 D = Time resting spent in this place.
 E = Time spent auto-exploring this place.
 F = Levels seen in this place.
 G = Mean time per level.
                   A        B        C        D        E       F      G
               +--------+--------+--------+--------+--------+-----+--------+
         Total |    396 |    395 |      1 |    167 |    152 |   1 |  396.0 |
       Dungeon |    396 |    395 |      1 |    167 |    152 |   1 |  396.0 |
               +--------+--------+--------+--------+--------+-----+--------+

Top non-repeatable levels by time:
     D:1: 396 daAuts
